 Dungeon Crawl Stone Soup version 0.30-b1-2-g02819fbbbe (webtiles) character file.

Game seed: 18008313269510733537

778 Barriton the Firebug (level 7, -3/48 (51) HPs)
             Began as a Yellow Draconian Fire Elementalist on May 8, 2023.
             Slain by a wight
             ... wielding a +1 flail of freezing
              (4 damage)
             ... on level 6 of the Dungeon.
             The game lasted 00:09:40 (5941 turns).

Barriton the Firebug (DrFE)                         Turns: 5941, Time: 00:09:41

HP:   -3/48 (51)    AC:  9    Str: 10    XL:     7   Next: 54%
MP:   9/13          EV: 12    Int: 17    God:
Gold: 227           SH:  4    Dex: 12    Spells: 12/15 levels left

rFire   + .          .
                       - Unarmed
rCold   . . .        (no shield)
rNeg    . . .        (body armour unavailable)
rPois   .            (helmet restricted)
rElec   .            (no cloak)
rCorr   +            (no gloves)
SInv    .            p - +2 pair of boots
Will    .....        b - amulet of regeneration
Stlth   ++           g - ring of protection from cold
HPRegen 1.08/turn    o - ring of fire
MPRegen 0.13/turn

%: no passive effects
@: slowed, drained, very slow
A: spit acid, AC +6, unfitting armour, cold-blooded, acid resistance, large bone
plates 1, subdued magic 1
a: Breathe Acid


You were on level 6 of the Dungeon.
You visited 1 branch of the dungeon, and saw 7 of its levels.

You collected 227 gold pieces.

Inventory:

Missiles
 u - a throwing net
Armour
 p - a +2 pair of boots (worn)
Jewellery
 b - an amulet of regeneration (around neck)
 g - a ring of protection from cold (left hand)
 h - an amulet of reflection
 j - an amulet of the acrobat
 o - a ring of fire (right hand)
 s - a ring of flight
 w - a ring of protection from cold
Wands
 k - a wand of flame (14)
 m - a wand of polymorph (6)
 r - a wand of iceblast (7)
 x - a wand of quicksilver (7)
Scrolls
 c - 2 scrolls of teleportation
 e - a scroll of magic mapping
 q - 2 scrolls of identify
 t - a scroll of butterflies
Potions
 a - a potion of magic
 d - a potion of curing
 f - 3 potions of attraction
 i - a potion of brilliance
 l - 2 potions of invisibility
 n - a potion of degeneration
 v - a potion of flight {unknown}


   Skills:
 + Level 0.7 Fighting
 + Level 3.1 Dodging
 + Level 2.3 Stealth
 + Level 0.7 Shields
 + Level 1.5 Unarmed Combat
 + Level 4.6 Spellcasting
 + Level 3.7 Conjurations
 + Level 5.2 Fire Magic


You had 12 spell levels left.
You knew the following spells:

 Your Spells              Type           Power      Damage    Failure   Level
a - Foxfire               Conj/Fire      88%        2x1d8     1%          1
b - Scorch                Fire           50%        2d7       1%          2

Your spell library contained the following spells:

 Spells                   Type           Power      Damage    Failure   Level
 Apportation              Tloc           6%         N/A       13%         1
 Necrotise                Necr           12%        1d4       13%         1
 Summon Small Mammal      Summ           12%        N/A       13%         1
 Inner Flame              Hex/Fire       14%        N/A       13%         3
 Volatile Blastmotes      Fire/Tloc      28%        2d12      13%         3
 Flame Wave               Conj/Fire      22%        2d8       21%         4


Dungeon Overview and Level Annotations

Branches:
Dungeon (7/15)
 Temple: D:4-7

Altars:
Cheibriados
Fedhas
Ru

Shops:
D:3 ?(!=(


Innate Abilities, Weirdness & Mutations

You can spit globs of acid.
Your golden yellow scales are hard. (AC +6)
You cannot fit into any form of body armour.
You are cold-blooded and may be slowed by cold attacks.
You are resistant to acid. (rCorr)
You are partially covered in large bone plates. (SH +4)
Your spells are a little easier to cast, but a little less powerful.


Message History

The wight hits you with a +1 flail of freezing.
You feel yourself slow down. The wight freezes you.
The wight hits you with a +2 falchion.
You hit the wight but do no damage.
The wight is lightly damaged.
The wight closely misses you. The wight hits you but does no damage.
You closely miss the wight.
The wight is lightly damaged.
You feel yourself speed up.
The wight hits you with a +1 flail of freezing.
You feel yourself slow down. The wight freezes you.
The wight closely misses you. The wight barely misses you.
The wight hits you but does no damage. Magic courses through your body.
The hound stops to sniff the ground.
The wight hits you with a +1 flail of freezing.
You feel drained. The wight freezes you. You block the wight's attack.
Casting: Scorch (safe; 1% risk of failure)
Confirm with . or Enter, or press ? or * to list all spells.
You feel a surge of power!
Flames lash the wight.
You destroy the wight!
You feel yourself speed up.
The wight hits you with a +1 flail of freezing.
You feel drained.
You feel yourself slow down. The wight freezes you. The hound bites you.
The wight hits you with a +1 flail of freezing!
* * * LOW HITPOINT WARNING * * *
The wight freezes you.
* * * LOW HITPOINT WARNING * * *
Casting: Scorch (safe; 1% risk of failure)
Confirm with . or Enter, or press ? or * to list all spells.
You feel a surge of power!
Flames lash the hound.
The hound is lightly wounded.
The hound's fire resistance burns away.
The hound closely misses you. The hound bites you.
* * * LOW HITPOINT WARNING * * *
The wight hits you with a +1 flail of freezing!
* * * LOW HITPOINT WARNING * * *
You feel drained.
You die...

....# ....#
.... ####...
+z@#..
##h#.######
#.#.......
#<.....#
#.>....#
#..#####
##.....#
#########.###.#
#.......#...#.#


You could see a hound (combustible) and a wight.

Vanquished Creatures
  Sigmund (D:3)
  3 wights (D:6)
  A howler monkey (D:5)
  A hound (D:4)
  2 jellies (D:5)
  A gnoll bouda (D:5)
  An orc priest (D:4)
  2 iguanas (D:4)
  Ijyb (D:3)
  A hound skeleton (D:2)
  A mummy (D:4)
  4 gnolls
  4 adders
  A shadow imp (D:5)
  A white imp (D:5)
  2 adder zombies (D:2)
  2 dart slugs (D:4)
  2 orcs (D:4)
  5 ball pythons
  A bat zombie (D:2)
  5 endoplasms
  6 giant cockroaches
  3 goblins
  3 hobgoblins
  3 jackals (D:1)
  10 quokkas
  A ball python zombie (D:2)
  4 bats
  4 frilled lizards
  A giant cockroach zombie (D:2)
  7 kobolds
  A quokka skeleton (D:2)
  A quokka zombie (D:2)
  5 rats
91 creatures vanquished.

Vanquished Creatures (collateral kills)
  2 foxfires (D:2)
2 creatures vanquished.

Vanquished Creatures (others)
  310 foxfires
  10 plants (D:5)
320 creatures vanquished.

Grand Total: 413 creatures vanquished

Notes
Turn   | Place    | Note
-------+----------+-------------------------------------------
     0 | D:1      | Barriton the Draconian Fire Elementalist began the quest
                  | for the Orb.
     0 | D:1      | Reached XP level 1. HP: 14/14 MP: 3/3
   624 | D:1      | Reached XP level 2. HP: 20/20 MP: 1/5
   794 | D:1      | Learned a level 2 spell: Scorch
  1225 | D:2      | Reached XP level 3. HP: 26/26 MP: 1/6
  1767 | D:2      | Reached XP level 4. HP: 33/33 MP: 4/7
  1802 | D:2      | Found a snail-covered altar of Cheibriados.
  1807 | D:2      | Reached skill level 4 in Fire Magic
  2815 | D:3      | Found Tost's Magic Scroll Emporium.
  2849 | D:3      | Noticed Sigmund
  2850 | D:3      | Noticed Ijyb
  2918 | D:3      | Killed Ijyb
  3076 | D:3      | Killed Sigmund
  3077 | D:3      | Reached XP level 5. HP: 32/38 MP: 0/9
  3077 | D:3      | Reached XP level 6. HP: 38/45 MP: 0/10
  3277 | D:3      | Found Ceecw's Antique Weapon Shoppe.
  3365 | D:3      | Found Ruron's Weapon Emporium.
  3462 | D:3      | Found Beacw's Jewellery Shoppe.
  3470 | D:3      | Found Diawne Jekh's Distillery.
  3484 | D:3      | Found a sacrificial altar of Ru.
  3570 | D:3      | Gained mutation: You are partially covered in large bone
                  | plates. (SH +4) [potion of mutation]
  3570 | D:3      | Gained mutation: Your spells are a little easier to cast,
                  | but a little less powerful. [potion of mutation]
  3934 | D:4      | Found a snail-covered altar of Cheibriados.
  5045 | D:5      | Entered Level 5 of the Dungeon
  5257 | D:4      | Reached skill level 1 in Unarmed Combat
  5257 | D:4      | Your scales start taking on a golden yellow colour.
  5257 | D:4      | Reached XP level 7. HP: 23/50 MP: 1/13
  5257 | D:4      | Gained mutation: You are resistant to acid. (rCorr) [Yellow
                  | Draconian growth]
  5615 | D:5      | You fall into a shaft and drop 2 floors!
  5710 | D:5      | Reached skill level 5 in Fire Magic
  5852 | D:5      | Found a blossoming altar of Fedhas.
  5941 | D:6      | HP: 1/50 [wight/+1 flail of freezing (9)]
  5941 | D:6      | Slain by a wight

Illustrated notes

Levels and vault maps discovered:
D:1:      elethiomel_arrival_infinity_welcomes_careful_drivers, layout_basic
D:2:      layout_basic, basic_altar, serial_undead, serial_undead_d,
          serial_undead_e, serial_undead_a, serial_undead_a, serial_undead_e,
          serial_undead_b, serial_undead_e, nrook_uturn, chequers_big_river
D:3:      layout_basic, lemuel_crystal_altar, serial_shops,
          nicolae_shop_industrial_runoff, nicolae_shop_gaudy_bauble,
          nicolae_shop_tiny_waterfront, nicolae_shop_rolling_square, shop,
          uniq_sigmund, uniq_ijyb
D:4:      nicolae_cairo_tiling, layout_basic, slow_altar_2, gup_sewer_entry_pipe
D:5:      layout_cave_pools, fedhas_altar_decomposition
D:6:      layout_basic, minmay_temple_entry_enclosed_plants, fountainhead
D:7:      layout_basic, grunt_dithmenos_smoke, nicolae_tso_carved_into_rock,
          enter_bailey_4, minmay_misc_feat_rugged, centaur_isle, uniq_joseph

Skill      XL: |  1  2  3  4  5  6  7 |
---------------+----------------------+-----
Dodging        | 2 3 |  3.1
Stealth        | 2 |  2.3
Fire Magic     | 4 5 |  5.2
Conjurations   | 3 |  3.7
Spellcasting   | 3 4 |  4.6
Unarmed Combat | 1 |  1.5
Fighting       | |  0.7
Shields        | |  0.7

Action                     |  1- 3 |  4- 6 |  7- 9 || total
---------------------------+-------+-------+-------++-------
  Melee: Unarmed           |    18 |    67 |     7 ||    92
         Tailslap          |     4 |    14 |     1 ||    19
   Cast: Foxfire           |    54 |   115 |    22 ||   191
         Scorch            |     3 |    25 |     7 ||    35
    Use: Scroll            |     5 |    10 |       ||    15
         Potion            |       |     3 |     1 ||     4
 Armour: Skin              |    11 |    41 |     3 ||    55
  Dodge: Dodged            |    19 |    96 |     8 ||   123
  Block: Other             |     1 |    33 |     1 ||    35
